 Dungeon Crawl Stone Soup version 0.30.1-3-gfc49f6343a (webtiles) character file.

Game seed: 18125363295465087060

275 Patrick2011 the Trooper (level 6, -7/66 HPs)
             Began as an Ogre Berserker on July 26, 2023.
             Was a Priest of Trog.
             Mangled by Menkaure (9 damage)
             ... on level 4 of the Dungeon.
             The game lasted 00:21:45 (1431 turns).

Patrick2011 the Trooper (Ogre Berserker)            Turns: 1431, Time: 00:21:46

Health: -7/66      AC:  5    Str: 24    XL:     6   Next: 25%
Magic:  6/6        EV: 10    Int:  8    God:    Trog [***...]
Gold:   147        SH:  0    Dex:  8    Spells: 5/5 levels left

rFire   + . .        l - +0 glaive
rCold   + . .        (shield currently unavailable)
rNeg    . . .        e - +0 robe {rC+ rF+}
rPois   .            (helmet restricted)
rElec   .            (no cloak)
rCorr   .            (gloves unavailable)
SInv    .            (boots unavailable)
Will    +....        (no amulet)
Stlth   +            (no ring)
HPRegen 0.31/turn    (no ring)
MPRegen 0.10/turn

%: no passive effects
@: no status effects
A: large, unfitting armour, tough skin 1, iridescent scales 1, strong-willed 1
a: Renounce Religion, Berserk, Trog's Hand


You were on level 4 of the Dungeon.
You worshipped Trog.
Trog was most pleased with you.
You visited 1 branch of the dungeon, and saw 4 of its levels.
You also visited: Sewer.

You collected 147 gold pieces.

Inventory:

Hand Weapons
 a - a +0 spear
 l - a +0 glaive (weapon)
Missiles
 j - 2 poisoned darts (quivered)
Armour
 e - a +0 robe of resistance (worn)
Wands
 s - a wand of light (4)
Scrolls
 d - a scroll of teleportation
 f - a scroll of amnesia {unknown}
 i - a scroll of fear
 n - 2 scrolls of blinking {unknown}
 o - a scroll of fog {unknown}
 p - a scroll of enchant armour {unknown}
 r - a scroll of magic mapping {unknown}
Potions
 c - a potion of heal wounds
 g - a potion of curing
 h - 2 potions of invisibility {unknown}
 m - a potion of resistance {unknown}
 q - 2 potions of mutation


   Skills:
 + Level 5.6 Fighting
 + Level 5.3 Polearms
 + Level 3.5 Dodging
 + Level 0.6 Stealth


You had 5 spell levels left.
You didn't know any spells.
Your spell library was empty.

Dungeon Overview and Level Annotations

Branches:
Dungeon (4/15)              Sewer (visited)
 Temple: D:4-7

Altars:

Shops:
D:1 *   D:2 (

Annotations:
D:4 Menkaure


Innate Abilities, Weirdness & Mutations

You are too large for most types of armour.
You have tough skin. (AC +1)
You are partially covered in iridescent scales. (AC +2)
You are strong-willed. (Will+)


Message History

Aim: a gnoll, wielding a +0 spear (covering ground quickly, 75% to hit)
The bolt of light hits the gnoll!
You kill the gnoll!
Trog accepts your kill.
The bolt of light hits the gnoll bouda!
You kill the gnoll bouda!
Trog accepts your kill.
The bolt of light hits the gnoll!
You kill the gnoll!
Trog accepts your kill.
You closely miss Menkaure. Menkaure hits you! The gnoll barely misses you.
Aiming: Bolt of Light
Press: ? - help, Shift-Dir - straight line, f - orc
Aim: an orc, wielding a +0 short sword and wearing a +0 ring mail (75% to hit)
The bolt of light hits Menkaure!
Menkaure is heavily damaged.
Menkaure is blinded.
The bolt of light hits the gnoll.
The gnoll is heavily wounded.
The gnoll is blinded.
The bolt of light hits the orc!
You kill the orc!
Trog accepts your kill.
Menkaure murmurs in an indecipherable tongue.
Menkaure hits you! The gnoll barely misses you. Menkaure closely misses you.
You hit Menkaure.
Menkaure is severely damaged.
Your attacks no longer feel as feeble.
Menkaure hits you!!
* * * LOW HITPOINT WARNING * * *
You catch the helpless Menkaure completely off-guard!
You hit Menkaure.
Menkaure is severely damaged.
Menkaure barely misses you.
Menkaure gestures at you while chanting.
You resist with some effort. The gnoll misses you.
You closely miss Menkaure.
Menkaure is severely damaged.
Menkaure hits you!
* * * LOW HITPOINT WARNING * * *
Menkaure hits you!
You die...

### . #<# ..
#.# ... #.#
....### #.#
#...... #.#
.......###.#
((..)g)M@..#
.....#.#####
... #. # #.
.. .. ...
#.#


You could see Menkaure (fast, blind) and a gnoll (swift, blind).

Vanquished Creatures
  Pargi (Sewer)
  A gnoll bouda (D:4)
  4 gnolls
  4 adders
  A worm (D:2)
  3 dart slugs
  4 orcs
  5 ball pythons
  6 bats
  5 endoplasms
  7 giant cockroaches
  6 goblins
  3 hobgoblins
  2 jackals (D:2)
  4 quokkas
  6 frilled lizards
  2 kobolds
  7 rats
71 creatures vanquished.

Notes
Turn   | Place    | Note
-------+----------+-------------------------------------------
     0 | D:1      | Patrick2011 the Ogre Berserker began the quest for the Orb.
     0 | D:1      | Reached XP level 1. HP: 24/24 MP: 1/1
   133 | D:1      | Reached XP level 2. HP: 32/32 MP: 2/2
   134 | D:1      | Found Sualarhyl's Assorted Antiques.
   149 | D:1      | Found a faded altar of an unknown god.
   304 | D:1      | Reached ** piety under Trog
   312 | D:1      | Reached XP level 3. HP: 40/40 MP: 3/3
   490 | D:2      | Found Woqe's Antique Weapon Boutique.
   667 | D:2      | Reached XP level 4. HP: 49/49 MP: 4/4
   676 | D:2      | Identified the +0 pair of gloves of Sapn {rPois Will+
                  | Regen+ Dex+3}
  1037 | D:3      | Found a glowing drain.
  1046 | Sewer    | Entered a sewer
  1086 | Sewer    | Reached XP level 5. HP: 47/55 MP: 5/5
  1091 | Sewer    | Noticed Pargi
  1095 | Sewer    | Killed Pargi
  1096 | Sewer    | Reached skill level 5 in Fighting
  1096 | Sewer    | Reached skill level 5 in Polearms
  1252 | D:3      | Gained mutation: You are partially covered in iridescent
                  | scales. (AC +2) [potion of mutation]
  1252 | D:3      | Gained mutation: You are strong-willed. (Will+) [potion of
                  | mutation]
  1324 | D:3      | Reached *** piety under Trog
  1419 | D:4      | Noticed Menkaure
  1424 | D:4      | Reached XP level 6. HP: 59/66 MP: 6/6
  1431 | D:4      | HP: 2/66 [Menkaure (17)]
  1431 | D:4      | Mangled by Menkaure

Illustrated notes

Levels and vault maps discovered:
D:1:      erik_arrival_orb_chamber, layout_rooms, serial_shops,
          nicolae_square_shop, ebering_ecumenical_altar_rust, minmay_quantized
D:2:      layout_basic, serial_shops, nicolae_lakefront_shop, serial_aquarium,
          aquarium_bridge_island_small [aquarium_subvault_small_open,
          aquarium_subvault_wall, aquarium_subvault_bridge,
          aquarium_subvault_wall, aquarium_subvault_wall], aquarium_window_fake,
          aquarium_window_1, aquarium_window_2, aquarium_view_2d,
          aquarium_balcony_3a, aquarium_pool_five
D:3:      layout_rooms, gup_sewer_entry_bubbles, serial_forest,
          infiniplex_forest_clump_large, infiniplex_forest_clump_curved,
          infiniplex_forest_lined_1, infiniplex_forest_end_2,
          infiniplex_forest_straight_4, infiniplex_forest_clump_curved,
          infiniplex_forest_lined_4_way, infiniplex_forest_straight_3,
          infiniplex_forest_diagonal
D:4:      minmay_clustersquares, layout_basic, nicolae_elyvilon_peaceful_grove,
          st_stairs_10, uniq_menkaure, uniq_grinder

Skill      XL: |  1  2  3  4  5 |
---------------+----------------+-----
Dodging        | 3 |  3.5
Polearms       | 4 5 |  5.3
Fighting       | 5 |  5.6
Stealth        | |  0.6

Action                     |  1- 3 |  4- 6 || total
---------------------------+-------+-------++-------
  Melee: Spear             |   105 |    57 ||   162
         Punch             |     1 |       ||     1
         Glaive            |       |    71 ||    71
  Throw: Javelin           |       |     4 ||     4
 Invoke: Berserk           |     1 |       ||     1
  Evoke: Wand              |       |     2 ||     2
    Use: Scroll            |       |     5 ||     5
         Potion            |       |     1 ||     1
   Stab: Sleeping          |       |     3 ||     3
         Invisible         |       |     1 ||     1
 Armour: Animal skin       |     7 |       ||     7
         Robe              |    13 |    34 ||    47
  Dodge: Dodged            |    27 |    50 ||    77
